[Event "ICC tourney 2462 (45 10)"]
[Site "Internet Chess Club"]
[Date "2021.03.20"]
[Round "2"]
[White "Massick, Laine:Laine23"]
[Black "YAN, NATHAN:Natey"]
[Result "1-0"]
[ICCResult "Black checkmated"]
[WhiteElo "1935"]
[BlackElo "1868"]
[Opening "Ruy Lopez: 5.O-O"]
[ECO "C78"]
[NIC "RL.12"]
[Time "13:31:31"]
[PlyCount "165"]
[TimeControl "2700+10"]

1. e4 e5 2. Nf3 Nc6 3. Bb5 a6 4. Ba4 Nf6 5. O-O b5 6. Bb3 Bc5 7. c3 d6 8.
d4 Bb6 9. h3 O-O 10. Re1 Bb7 11. Bg5 h6 12. Bh4 Re8 13. d5 Nb8 14. Nbd2
Nbd7 15. Nf1 g5 16. Bg3 Nf8 17. h4 g4 18. N3h2 h5 19. Bc2 Ng6 20. Ne3 Bc8
21. Nf5 Bxf5 22. exf5 Nf4 23. Bb3 Qd7 24. Qc2 N6xd5 25. Bxd5 Nxd5 26. Qd2
Nf4 27. Bxf4 exf4 28. Qxf4 f6 29. Nf1 Qf7 30. Ng3 Rxe1+ 31. Rxe1 Re8 32.
Rxe8+ Qxe8 33. Kf1 Kg7 34. Qd2 Kh7 35. Qf4 Kg7 36. b3 Kh7 37. c4 Ba5 38.
Qe4 Qf7 39. Ne2 bxc4 40. bxc4 Bd2 41. Qd3 Ba5 42. Nd4 Qe8 43. Ne6 Qa4 44.
Qe2 Qb4 45. g3 Qb1+ 46. Kg2 Qb7+ 47. Kh2 Qf3 48. Qxf3 gxf3 49. Nf4 Kh6 50.
g4 hxg4 51. Kg3 Bb6 52. Nd3 Kh5 53. Nf4+ Kh6 54. Nd5 Bd4 55. Kxg4 Bxf2 56.
Kxf3 Bxh4 57. Nxc7 Kg7 58. Nxa6 Kf7 59. Ke4 Ke7 60. Kd5 Kd7 61. Nb4 Bg3 62.
Nc2 Be5 63. Ne3 Bb2 64. Nd1 Be5 65. Nf2 Kc7 66. Ne4 Kd7 67. a4 Kc7 68. Ke6
Kb6 69. Nxf6 Kc5 70. Nd7+ Kxc4 71. Nxe5+ dxe5 72. Kxe5 Kb4 73. f6 Kxa4 74.
f7 Kb3 75. f8=Q Kc4 76. Qf4+ Kb3 77. Qd2 Kc4 78. Ke4 Kc5 79. Qd5+ Kb4 80.
Kd3 Ka4 81. Qb7 Ka3 82. Kc3 Ka4 83. Qb4# { Black checkmated } 1-0

[Event "ICC tourney 2462 (45 10)"]
[Site "Internet Chess Club"]
[Date "2021.03.20"]
[Round "2"]
[White "LI, DAVID TONGJIA:UltimateDL"]
[Black "POMPE, NIKO:kralj8"]
[Result "1-0"]
[ICCResult "Black checkmated"]
[WhiteElo "1767"]
[BlackElo "1917"]
[Opening "Scotch: Potter variation"]
[ECO "C45"]
[NIC "SO.05"]
[Time "13:31:47"]
[PlyCount "125"]
[TimeControl "2700+10"]

1. e4 e5 2. Nf3 Nc6 3. d4 exd4 4. Nxd4 Bc5 5. Nb3 Bb6 6. Nc3 Nge7 7. Qe2
O-O 8. Be3 f5 9. O-O-O f4 10. Bxb6 axb6 11. Qd2 d6 12. a3 Be6 13. f3 Ng6
14. Nd5 Nce5 15. Nd4 Bxd5 16. exd5 Qf6 17. Bd3 c6 18. dxc6 bxc6 19. Nxc6
Rxa3 20. bxa3 Nxc6 21. Kb1 Ra8 22. Bc4+ Kh8 23. Qxd6 Qc3 24. Qxc6 Qxa3 25.
c3 b5 26. Qxb5 Qa7 27. Kc2 Rb8 28. Qd7 Qc5 29. Rb1 Ra8 30. Qd5 Qf2+ 31. Qd2
Qc5 32. Ra1 Rc8 33. Bd3 Ne5 34. Rhe1 Nc6 35. Re4 g6 36. Rae1 Kg7 37. Rb1
Ra8 38. Rb7+ Kh8 39. Qxf4 Nb4+ 40. Rbxb4 Qc6 41. Qe5+ Kg8 42. Qe6+ Qxe6 43.
Rxe6 Ra2+ 44. Rb2 Ra7 45. Reb6 Ra3 46. Rb7 h5 47. Rc7 Ra8 48. Bxg6 h4 49.
Rbb7 h3 50. Rg7+ Kh8 51. Rh7+ Kg8 52. gxh3 Ra2+ 53. Kd3 Ra8 54. Rbg7+ Kf8
55. Rh8+ Kxg7 56. Rxa8 Kh6 57. Be8 Kg5 58. h4+ Kxh4 59. Ra7 Kh3 60. Rg7
Kxh2 61. Ke3 Kh1 62. Kf2 Kh2 63. Rh7# { Black checkmated } 1-0

[Event "ICC tourney 2462 (45 10)"]
[Site "Internet Chess Club"]
[Date "2021.03.20"]
[Round "2"]
[White "RAJMOHAN, VIKRAM:vikram251107"]
[Black "BONNELL, LEO W:bonnelleo1"]
[Result "1-0"]
[ICCResult "Black resigns"]
[WhiteElo "1993"]
[BlackElo "1832"]
[Opening "French: exchange variation"]
[ECO "C01"]
[NIC "FR.01"]
[Time "13:32:24"]
[PlyCount "65"]
[TimeControl "2700+10"]

1. e4 e6 2. d4 d5 3. exd5 exd5 4. Bd3 Nc6 5. Ne2 Bd6 6. Nd2 Nf6 7. h3 O-O
8. Nf3 h6 9. c3 Re8 10. O-O Ne7 11. Qc2 c5 12. dxc5 Bxc5 13. Ned4 Bd7 14.
Bf4 Rc8 15. Rfe1 Qb6 16. Qd2 Nc6 17. Nb3 Bf8 18. Re3 Rxe3 19. Bxe3 Qc7 20.
Bf4 Bd6 21. Bxd6 Qxd6 22. Re1 Re8 23. Rxe8+ Nxe8 24. Qe3 b6 25. Nbd4 Nxd4
26. Nxd4 Nc7 27. Bc2 Ne6 28. Nf5 Qf8 29. Qd3 g6 30. Qxd5 Nc5 31. Nd4 Kh7
32. b4 Be6 33. Qe5 { Black resigns } 1-0

[Event "ICC tourney 2462 (45 10)"]
[Site "Internet Chess Club"]
[Date "2021.03.20"]
[Round "2"]
[White "LIU, RICHARD:TheCheekiBreeki"]
[Black "YERRAJENNU, SISIRA S:ybabji"]
[Result "0-1"]
[ICCResult "White resigns"]
[WhiteElo "1792"]
[BlackElo "1921"]
[Opening "QGD: 4.Nf3"]
[ECO "D37"]
[NIC "QO.16"]
[Time "13:31:37"]
[PlyCount "108"]
[TimeControl "2700+10"]

1. d4 d5 2. c4 e6 3. Nc3 Nf6 4. Nf3 dxc4 5. e3 a6 6. Bxc4 b5 7. Bd3 Bb7 8.
O-O Nbd7 9. a3 c5 10. Qe2 Rc8 11. Bd2 Bd6 12. Rac1 Qe7 13. Rfd1 c4 14. Bc2
Rd8 15. Na2 e5 16. Ba5 Rc8 17. Bf5 e4 18. Nd2 g6 19. Bh3 Nd5 20. Bxd7+ Kxd7
21. Nc3 Nxc3 22. Rxc3 Bd5 23. Rdc1 h5 24. a4 Qg5 25. axb5 axb5 26. b3 Rhf8
27. bxc4 bxc4 28. Bb6 Bb4 29. R3c2 Qg4 30. Qxg4+ hxg4 31. Nxc4 Ke6 32. Ne5
Rxc2 33. Rxc2 Rb8 34. Bc7 Rc8 35. h3 Bd6 36. Bxd6 Rxc2 37. Bf8 Rc8 38. Bb4
gxh3 39. gxh3 f6 40. Ng4 g5 41. Kg2 Rh8 42. Kg3 Bc4 43. Kg2 Rh4 44. Ba5 Be2
45. Nh2 Kd7 46. Bb4 f5 47. Bf8 Rh7 48. Bc5 Rh8 49. Ba7 f4 50. Bc5 Bd1 51.
Bb4 Rb8 52. Bc3 Rb3 53. Bd2 Rb2 54. Bc1 Rc2 { White resigns } 0-1

[Event "ICC tourney 2462 (45 10)"]
[Site "Internet Chess Club"]
[Date "2021.03.20"]
[Round "2"]
[White "STEINER, ADAMSON:poohfur"]
[Black "GUEVARA-RODRIGUEZ, MARIO:aquilesboy"]
[Result "1/2-1/2"]
[ICCResult "Game drawn by repetition"]
[WhiteElo "1692"]
[BlackElo "1884"]
[Opening "Sicilian: Pelikan (Lasker/Sveshnikov) variation"]
[ECO "B33"]
[NIC "SI.36"]
[Time "13:31:41"]
[PlyCount "97"]
[TimeControl "2700+10"]

1. e4 c5 2. Nf3 Nc6 3. d4 cxd4 4. Nxd4 Nf6 5. Nc3 e5 6. Ndb5 d6 7. Bg5 a6
8. Bxf6 gxf6 9. Na3 Be6 10. Nc4 f5 11. exf5 Bxf5 12. Nd5 b5 13. Nce3 Be6
14. Qf3 Bg7 15. Bd3 Rc8 16. c3 Ne7 17. Nf6+ Bxf6 18. Qxf6 Ng6 19. Qf3 d5
20. Rd1 Nf4 21. Be4 Rc5 22. g3 f5 23. gxf4 fxe4 24. Qh5+ Kf8 25. Qxe5 Kf7
26. Nf5 Bxf5 27. Qxf5+ Qf6 28. Qd7+ Qe7 29. Rxd5 Qxd7 30. Rxd7+ Ke6 31. Ra7
Rc6 32. Ke2 Kf5 33. Rf7+ Ke6 34. Rg7 Kf6 35. Rhg1 b4 36. Rg8 Rxg8 37. Rxg8
bxc3 38. bxc3 Rxc3 39. Rd8 Ra3 40. Rd4 Kf5 41. Rd7 Kxf4 42. Rf7+ Ke5 43.
Rxh7 Rxa2+ 44. Ke3 Ra3+ 45. Ke2 Ra2+ 46. Ke3 Ra3+ 47. Ke2 Ra2+ 48. Ke3 Ra3+
49. Ke2 { Game drawn by repetition } 1/2-1/2

[Event "ICC tourney 2462 (45 10)"]
[Site "Internet Chess Club"]
[Date "2021.03.20"]
[Round "2"]
[White "SHANKAR, PRANAV:pianoboy"]
[Black "YANG, HENRY BOHAN:coolhappyfish"]
[Result "1-0"]
[ICCResult "Black resigns"]
[WhiteElo "1826"]
[BlackElo "1713"]
[Opening "QGD: exchange, positional line"]
[ECO "D35"]
[NIC "QO.16"]
[Time "13:31:45"]
[PlyCount "113"]
[TimeControl "2700+10"]

1. d4 d5 2. c4 e6 3. Nc3 Nf6 4. cxd5 exd5 5. Bg5 Be7 6. e3 c6 7. Bd3 Nbd7
8. Qc2 h6 9. Bf4 O-O 10. h3 Re8 11. Nf3 a5 12. O-O Bf8 13. Rab1 b5 14. a4
b4 15. Ne2 Qb6 16. Rbc1 Ba6 17. Bxa6 Qxa6 18. Rfe1 Rac8 19. Ne5 Nxe5 20.
Bxe5 Nd7 21. Bh2 g6 22. h4 h5 23. Nf4 Kg7 24. Nd3 Be7 25. Ne5 Nxe5 26.
Bxe5+ f6 27. Bg3 Qb7 28. b3 c5 29. dxc5 Rxc5 30. Qb2 Rec8 31. Rxc5 Rxc5 32.
Rc1 Qc6 33. Rxc5 Qxc5 34. Kf1 Kf7 35. Ke2 Ke6 36. Kd3 Bd6 37. Bxd6 Qxd6 38.
Qd4 Qc7 39. e4 Qc6 40. f3 g5 41. hxg5 fxg5 42. Qg7 dxe4+ 43. fxe4 Qd6+ 44.
Ke2 Qa6+ 45. Ke3 Qb6+ 46. Ke2 Qa6+ 47. Ke1 Qd3 48. Qg6+ Kd7 49. Qf7+ Kd6
50. Qf6+ Kd7 51. Qf5+ Kc7 52. Qxa5+ Kc8 53. Qc5+ Kb7 54. Qxb4+ Ka7 55. Qc5+
Ka6 56. Qc4+ Qxc4 57. bxc4 { Black resigns } 1-0

[Event "ICC tourney 2462 (45 10)"]
[Site "Internet Chess Club"]
[Date "2021.03.20"]
[Round "2"]
[White "GANBAATAR, AMARJARGAL:AmyMGL"]
[Black "KARAM, ALEX:AlexandreKaram"]
[Result "1-0"]
[ICCResult "Black resigns"]
[WhiteElo "1900"]
[BlackElo "1799"]
[Opening "Sicilian: Pelikan, Chelyabinsk variation"]
[ECO "B33"]
[NIC "SI.37"]
[Time "13:31:53"]
[PlyCount "97"]
[TimeControl "2700+10"]

1. e4 c5 2. Nf3 Nc6 3. d4 cxd4 4. Nxd4 Nf6 5. Nc3 e5 6. Ndb5 d6 7. Bg5 a6
8. Na3 b5 9. Nd5 Be7 10. Bxf6 Bxf6 11. c3 O-O 12. Bd3 Be6 13. O-O Bxd5 14.
exd5 Ne7 15. Nc2 Rb8 16. Ne3 g6 17. Kh1 Bg7 18. f4 f5 19. fxe5 dxe5 20. Bc2
Kh8 21. Bb3 f4 22. Nc2 Qb6 23. Qe2 a5 24. a3 Nf5 25. Rf3 Rbd8 26. Rh3 Ne7
27. Rd1 Rd6 28. Ne1 Rfd8 29. Nf3 Rf8 30. Ng5 h6 31. Ne6 Rf5 32. Bc2 Rf6 33.
Nxg7 Kxg7 34. Qxe5 Rd7 35. Rf3 Qd6 36. Qxd6 Rdxd6 37. Be4 g5 38. h3 Nc6 39.
a4 b4 40. c4 Ne5 41. c5 Rd8 42. Rff1 Nc4 43. Rd2 Ne3 44. Rc1 Rf7 45. d6 Nf5
46. Bxf5 Rxf5 47. c6 f3 48. c7 Ra8 49. gxf3 { Black resigns } 1-0

[Event "ICC tourney 2462 (45 10)"]
[Site "Internet Chess Club"]
[Date "2021.03.20"]
[Round "2"]
[White "SU, JASMINE ZHIXIN:chessisthebest1"]
[Black "CAREY, MICHAEL P:xyzchessdude"]
[Result "0-1"]
[ICCResult "White checkmated"]
[WhiteElo "1806"]
[BlackElo "1953"]
[Opening "Sicilian: Richter-Rauzer, Rauzer attack, 7...a6 defense, 8...Bd7"]
[ECO "B67"]
[NIC "SI.30"]
[Time "13:31:33"]
[PlyCount "142"]
[TimeControl "2700+10"]

1. e4 c5 2. Nf3 Nc6 3. d4 cxd4 4. Nxd4 Nf6 5. Nc3 d6 6. Bg5 e6 7. Qd2 a6 8.
O-O-O Bd7 9. f3 h6 10. Be3 b5 11. Kb1 Ne5 12. a3 Rb8 13. f4 Nc4 14. Bxc4
bxc4 15. Ka1 Qc7 16. Rb1 Be7 17. h3 Bc6 18. Nxc6 Qxc6 19. Rhe1 O-O 20. Bd4
Rfd8 21. Qf2 d5 22. exd5 Nxd5 23. Qg3 Bf8 24. Be5 Rb7 25. Red1 Rbd7 26. Ne4
Kh7 27. Qf3 Nb4 28. Rxd7 Nxc2+ 29. Ka2 Qxd7 30. Nc3 Qd3 31. Qc6 Ne3 32.
Qxa6 Nd5 33. Qa4 f6 34. Nxd5 exd5 35. Rd1 Qb3+ 36. Qxb3 cxb3+ 37. Kxb3 fxe5
38. fxe5 Kg6 39. g4 Kf7 40. a4 Ke6 41. a5 Rb8+ 42. Kc2 Kxe5 43. a6 Bc5 44.
Ra1 d4 45. Ra5 Kd6 46. a7 Ra8 47. Ra6+ Kd5 48. b4 Bxb4 49. Kd3 Bc5 50. Ra5
Rxa7 51. Rxa7 Bxa7 52. h4 g5 53. hxg5 hxg5 54. Kd2 Ke4 55. Ke2 d3+ 56. Kd2
Bc5 57. Kd1 Bb4 58. Kc1 Ke3 59. Kd1 d2 60. Kc2 Ke2 61. Kb3 d1=Q+ 62. Kxb4
Kd3 63. Kc5 Qxg4 64. Kd5 Qf5+ 65. Kc6 Kc4 66. Kd6 Qf6+ 67. Kd7 Kd5 68. Kc7
Qc6+ 69. Kb8 Qd7 70. Ka8 Kc6 71. Kb8 Qb7# { White checkmated } 0-1

[Event "ICC tourney 2462 (45 10)"]
[Site "Internet Chess Club"]
[Date "2021.03.20"]
[Round "3"]
[White "WAWRZASZEK, JASON:arthur-bach"]
[Black "STEINER, ADAMSON:poohfur"]
[Result "0-1"]
[ICCResult "White checkmated"]
[WhiteElo "1998"]
[BlackElo "1692"]
[Opening "Giuoco Piano"]
[ECO "C44"]
[NIC "SO.06"]
[Time "16:02:13"]
[PlyCount "40"]
[TimeControl "2700+10"]

1. e4 e5 2. Nf3 Nc6 3. d4 exd4 4. Bc4 Bc5 5. c3 Nf6 6. cxd4 Bb4+ 7. Bd2
Nxe4 8. Bxb4 Nxb4 9. Bxf7+ Kxf7 10. Qb3+ d5 11. Qxb4 Rf8 12. O-O Kg8 13.
Qb3 Bg4 14. Ne5 Be2 15. Re1 Rxf2 16. Nc3 Rxg2+ 17. Kh1 Rxh2+ 18. Kxh2 Qh4+
19. Kg1 Qg3+ 20. Kh1 Nf2# { White checkmated } 0-1

[Event "ICC tourney 2462 (45 10)"]
[Site "Internet Chess Club"]
[Date "2021.03.20"]
[Round "3"]
[White "Reiss, Aiden:Aidenrchess"]
[Black "JIA, PAUL GUOYU:liguowh"]
[Result "0-1"]
[ICCResult "White checkmated"]
[WhiteElo "1853"]
[BlackElo "1972"]
[Opening "Sicilian: Najdorf"]
[ECO "B90"]
[NIC "SI.14"]
[Time "16:01:43"]
[PlyCount "92"]
[TimeControl "2700+10"]

1. e4 c5 2. Nf3 d6 3. d4 cxd4 4. Nxd4 Nf6 5. Nc3 a6 6. Rg1 e5 7. Nb3 h5 8.
Bg5 Be6 9. Qd2 Nbd7 10. f4 Qb6 11. Rh1 Rc8 12. f5 Bc4 13. Be3 Qc7 14. Bd3
d5 15. exd5 Bxd5 16. Nxd5 Nxd5 17. O-O-O Bb4 18. Qe2 O-O 19. Kb1 N7f6 20.
Bg5 b5 21. Bxf6 Nxf6 22. Nd2 Bxd2 23. Qxd2 Rfd8 24. Qc1 e4 25. Be2 Qe5 26.
Rxd8+ Rxd8 27. Qg5 e3 28. g4 Rd2 29. Bd3 Qxh2 30. Rc1 Qg3 31. a4 hxg4 32.
axb5 axb5 33. Bxb5 Rh2 34. Bc4 Rh5 35. Qg6 Qc7 36. Rd1 e2 37. Bxf7+ Qxf7
38. Rd8+ Qf8 39. Rxf8+ Kxf8 40. b4 e1=Q+ 41. Ka2 Qxb4 42. Qxh5 Nxh5 43. c4
Nf4 44. f6 Nd3 45. fxg7+ Kxg7 46. c5 Qb2# { White checkmated } 0-1

[Event "ICC tourney 2462 (45 10)"]
[Site "Internet Chess Club"]
[Date "2021.03.20"]
[Round "3"]
[White "LANCMAN, KALEB:kaleblancman"]
[Black "NAIR, ADVAIT SHANKAR:sujashankar"]
[Result "1-0"]
[ICCResult "Black checkmated"]
[WhiteElo "1839"]
[BlackElo "1750"]
[Opening "Queen's pawn: London system"]
[ECO "A45"]
[NIC "QP.07"]
[Time "16:01:43"]
[PlyCount "99"]
[TimeControl "2700+10"]

1. d4 Nf6 2. Bf4 d5 3. e3 c5 4. dxc5 e6 5. b4 a5 6. c3 Nc6 7. Bb5 Bd7 8.
Qb3 b6 9. Bxc6 Bxc6 10. b5 a4 11. Qb2 Bb7 12. c6 Bc8 13. Nf3 Bd6 14. Bxd6
Qxd6 15. O-O O-O 16. Nbd2 e5 17. Qb4 Qc7 18. c4 e4 19. Nd4 Qe5 20. Rfe1 Ng4
21. Nf1 f5 22. h3 Nh6 23. c5 bxc5 24. Qxc5 f4 25. exf4 Rxf4 26. b6 Bxh3 27.
gxh3 Raf8 28. Ne2 Rxf2 29. Qxf2 Rxf2 30. Kxf2 Qf6+ 31. Kg1 Qxc6 32. Rab1
Qc5+ 33. Kh1 Qf2 34. b7 Qf3+ 35. Kg1 e3 36. b8=Q+ Kf7 37. Qf4+ Qxf4 38.
Nxf4 Nf5 39. Nxe3 Nxe3 40. Rxe3 d4 41. Re4 g6 42. Rb6 Kg7 43. Rxd4 a3 44.
Rd7+ Kh6 45. Nxg6 hxg6 46. Rdd6 Kh5 47. Rxg6 Kh4 48. Rb8 Kh5 49. Rg2 Kh6
50. Rh8# { Black checkmated } 1-0

[Event "ICC tourney 2462 (45 10)"]
[Site "Internet Chess Club"]
[Date "2021.03.20"]
[Round "3"]
[White "BONNELL, LEO W:bonnelleo1"]
[Black "QIN, VINCENT:VQinchess"]
[Result "0-1"]
[ICCResult "White resigns"]
[WhiteElo "1832"]
[BlackElo "1855"]
[Opening "King's Indian: fianchetto without c4"]
[ECO "A49"]
[NIC "QP.06"]
[Time "16:01:48"]
[PlyCount "50"]
[TimeControl "2700+10"]

1. d4 Nf6 2. Nf3 g6 3. g3 Bg7 4. Bg2 O-O 5. O-O d6 6. b3 Nbd7 7. Bb2 Re8 8.
Nbd2 e5 9. dxe5 dxe5 10. Nc4 e4 11. Nd4 Nd5 12. Qc1 Nc5 13. Rd1 Bg4 14. h3
Bd7 15. Ne3 Nxe3 16. Qxe3 Qe7 17. c4 Rad8 18. Ba3 f5 19. Nxf5 Bxf5 20. Bxc5
Bxa1 21. Rxa1 Qf6 22. Rb1 b6 23. Ba3 Qd4 24. Qh6 Qd2 25. e3 Qxa2 { White
resigns } 0-1

[Event "ICC tourney 2462 (45 10)"]
[Site "Internet Chess Club"]
[Date "2021.03.20"]
[Round "3"]
[White "MARKOVIC, GORAN:Goran21"]
[Black "OBERAI, VIKRAM:vober6"]
[Result "1-0"]
[ICCResult "Black resigns"]
[WhiteElo "1989"]
[BlackElo "1919"]
[Opening "English opening"]
[ECO "A20"]
[NIC "EO.25"]
[Time "16:01:47"]
[PlyCount "87"]
[TimeControl "2700+10"]

1. c4 e5 2. b3 Nf6 3. Bb2 Nc6 4. e3 Be7 5. a3 O-O 6. d3 d5 7. cxd5 Nxd5 8.
Nf3 Bf6 9. Qc2 Be6 10. Nbd2 Re8 11. Ne4 Rb8 12. Nxf6+ Qxf6 13. b4 a6 14.
Be2 Rbd8 15. O-O Bc8 16. Rac1 Qg6 17. Kh1 f5 18. Qb3 Be6 19. Rxc6 bxc6 20.
Nxe5 Nxe3 21. fxe3 Bxb3 22. Nxg6 hxg6 23. Bd4 Re6 24. Bc5 Re5 25. Kg1 g5
26. Kf2 f4 27. e4 Ree8 28. Rc1 g6 29. Rc3 Ba4 30. Bf3 Bb5 31. d4 g4 32.
Bxg4 Rxe4 33. Bd1 Kg7 34. a4 Rexd4 35. Bxd4+ Rxd4 36. axb5 Rxd1 37. bxa6
Ra1 38. Rxc6 Kh6 39. b5 Ra5 40. Rxc7 Rxb5 41. a7 Ra5 42. Kf3 g5 43. Kg4 Ra6
44. Rc6+ { Black resigns } 1-0

[Event "ICC tourney 2462 (45 10)"]
[Site "Internet Chess Club"]
[Date "2021.03.20"]
[Round "3"]
[White "CAREY, MICHAEL P:xyzchessdude"]
[Black "LI, DAVID TONGJIA:UltimateDL"]
[Result "1-0"]
[ICCResult "Black checkmated"]
[WhiteElo "1953"]
[BlackElo "1767"]
[Opening "English: symmetrical variation"]
[ECO "A38"]
[NIC "EO.26"]
[Time "16:01:43"]
[PlyCount "127"]
[TimeControl "2700+10"]

1. Nf3 Nf6 2. c4 c5 3. Nc3 Nc6 4. g3 g6 5. Bg2 Bg7 6. d4 cxd4 7. Nxd4 O-O
8. O-O Qb6 9. Nb3 a6 10. Nd5 Nxd5 11. cxd5 Ne5 12. Be3 Qd8 13. Bd4 d6 14.
Rc1 Bf5 15. e4 Bd7 16. f4 Ng4 17. Bxg7 Kxg7 18. Qd4+ Kg8 19. h3 Nf6 20. Kh2
Rc8 21. Rxc8 Qxc8 22. Rc1 Qb8 23. e5 dxe5 24. fxe5 Nh5 25. Nc5 Bb5 26. a4
Be8 27. Rc3 Ng7 28. Be4 f6 29. e6 f5 30. Bf3 Qd6 31. Nxb7 Nxe6 32. Qc4 Qd7
33. dxe6 Qxa4 34. Qxa4 Bxa4 35. Bc6 Bxc6 36. Rxc6 Kg7 37. Nc5 Rb8 38. b3 a5
39. Kg2 Rb4 40. Kf3 Kf6 41. Ke3 Ke5 42. Nd3+ Kf6 43. Nxb4 axb4 44. Rb6 g5
45. Rxb4 h5 46. Rb6 f4+ 47. gxf4 gxf4+ 48. Kxf4 h4 49. Kg4 Kg6 50. Kxh4 Kf5
51. Kg3 Kg5 52. h4+ Kh5 53. Kh3 Kg6 54. Kg4 Kh6 55. Rb7 Kg6 56. Rxe7 Kf6
57. Re8 Kg6 58. Rf8 Kg7 59. Rf5 Kh6 60. e7 Kh7 61. e8=Q Kh6 62. Qh5+ Kg7
63. Rf7+ Kg8 64. Qh7# { Black checkmated } 1-0

[Event "ICC tourney 2462 (45 10)"]
[Site "Internet Chess Club"]
[Date "2021.03.20"]
[Round "3"]
[White "KARAM, ALEX:AlexandreKaram"]
[Black "YANG, LEO:yanje03"]
[Result "0-1"]
[ICCResult "White resigns"]
[WhiteElo "1799"]
[BlackElo "1678"]
[Opening "Sicilian: Anderssen variation"]
[ECO "B41"]
[NIC "SI.41"]
[Time "16:01:44"]
[PlyCount "88"]
[TimeControl "2700+10"]

1. e4 c5 2. Nf3 e6 3. d4 cxd4 4. Nxd4 Nf6 5. Nc3 Nc6 6. Ndb5 Bb4 7. a3
Bxc3+ 8. Nxc3 d5 9. exd5 exd5 10. Bd3 O-O 11. O-O Re8 12. Bg5 Be6 13. Re1
h6 14. Bh4 Rc8 15. Qf3 g5 16. Bg3 Kg7 17. Nb5 Bg4 18. Rxe8 Qxe8 19. Qe3
Qxe3 20. fxe3 Re8 21. h3 Bd7 22. Nd6 Rxe3 23. Bf2 Re7 24. Nxb7 Bxh3 25. Nd6
Bg4 26. Re1 Rxe1+ 27. Bxe1 Ne5 28. Bb5 Bd7 29. Be2 Ne4 30. Nb5 Bxb5 31.
Bxb5 Nc4 32. Bxc4 dxc4 33. b4 Kf6 34. b5 Ke6 35. Bf2 Nxf2 36. Kxf2 Kd5 37.
c3 f5 38. a4 h5 39. Ke3 h4 40. Kf3 Kc5 41. Ke3 g4 42. Kf4 Kb6 43. Ke3 Ka5
44. Kd4 h3 { White resigns } 0-1

[Event "ICC tourney 2462 (45 10)"]
[Site "Internet Chess Club"]
[Date "2021.03.20"]
[Round "3"]
[White "CHAMPSI, IMRAN:imranchamp"]
[Black "SU, JASMINE ZHIXIN:chessisthebest1"]
[Result "1-0"]
[ICCResult "Black checkmated"]
[WhiteElo "1813"]
[BlackElo "1806"]
[Opening "Sicilian: Grand Prix attack, Schofman variation"]
[ECO "B23"]
[NIC "SI.44"]
[Time "16:01:46"]
[PlyCount "135"]
[TimeControl "2700+10"]

1. e4 c5 2. Nc3 Nc6 3. f4 g6 4. Nf3 Bg7 5. Bc4 e6 6. f5 Nge7 7. fxe6 dxe6
8. O-O O-O 9. d3 Nd4 10. Nxd4 cxd4 11. Ne2 Nc6 12. a3 a6 13. Qe1 b5 14. Ba2
Qe7 15. Ng3 Bb7 16. Bd2 Rac8 17. Rc1 Rfd8 18. Nh1 Kh8 19. Nf2 f5 20. exf5
exf5 21. Qxe7 Nxe7 22. Bg5 Rc7 23. Rfe1 Re8 24. Nh3 h6 25. Bf4 Rd7 26. Be6
Red8 27. Bxd7 Rxd7 28. Be5 Nd5 29. Nf4 Nxf4 30. Bxf4 Kh7 31. Be5 Bf8 32. c3
dxc3 33. Rxc3 b4 34. Rc7 Rxc7 35. Bxc7 bxa3 36. bxa3 Bxa3 37. Bb6 Kg7 38.
d4 Kf7 39. Bc5 Bxc5 40. dxc5 Bc6 41. Rd1 Ke7 42. Rd6 Bb5 43. Rxg6 a5 44.
Rxh6 a4 45. Kf2 a3 46. Rh3 a2 47. Ra3 Bc4 48. Ke3 Kd7 49. Kd4 Bg8 50. h4
Kc6 51. h5 f4 52. h6 Kb5 53. Rxa2 Bxa2 54. h7 f3 55. gxf3 Bb1 56. h8=Q Ba2
57. Qe8+ Kb4 58. c6 Bb3 59. c7 Ba4 60. Qxa4+ Kxa4 61. Kc4 Ka3 62. c8=Q Kb2
63. Qd7 Kc2 64. Qd3+ Kb2 65. Qb3+ Kc1 66. Qa2 Kd1 67. Kd3 Ke1 68. Qe2# {
Black checkmated } 1-0

[Event "ICC tourney 2462 (45 10)"]
[Site "Internet Chess Club"]
[Date "2021.03.20"]
[Round "3"]
[White "YERRAJENNU, SISIRA S:ybabji"]
[Black "GAW, CHLOE:HarleyQueen8"]
[Result "1-0"]
[ICCResult "Black checkmated"]
[WhiteElo "1921"]
[BlackElo "1866"]
[Opening "Sicilian: Alapin's variation (2.c3)"]
[ECO "B22"]
[NIC "SI.47"]
[Time "16:01:39"]
[PlyCount "125"]
[TimeControl "2700+10"]

1. e4 c5 2. c3 Nf6 3. e5 Nd5 4. d4 cxd4 5. cxd4 d6 6. exd6 Qxd6 7. Nc3 e6
8. a3 Be7 9. Be3 O-O 10. Nf3 Nc6 11. Bd3 b6 12. Nxd5 exd5 13. O-O Bg4 14.
h3 Bh5 15. Rc1 Bg6 16. Ba6 Rad8 17. Qa4 Nb8 18. Be2 Qd7 19. Qxd7 Rxd7 20.
Ne5 Rdd8 21. Rc7 Bd6 22. Nxg6 Bxc7 23. Nxf8 Kxf8 24. Rc1 Bd6 25. Bg5 f6 26.
Be3 h6 27. Bf3 Ke7 28. Re1 Kf8 29. Rc1 Ke7 30. g3 Ke6 31. Re1 Kf5 32. Bh5
Ke4 33. Bg6+ f5 34. Bg5+ Kxd4 35. Bxd8 Kc4 36. Bxf5 d4 37. Be7 Bc7 38. Rc1+
Kb3 39. Rxc7 Kxb2 40. Rxa7 Nc6 41. Rb7 Na5 42. Rxb6+ Kc1 43. Bb4 Nb3 44. a4
Kd1 45. a5 Nxa5 46. Bxa5 Ke2 47. Rb7 d3 48. Rxg7 d2 49. Kg2 h5 50. Bxd2
Kxd2 51. Bg4 hxg4 52. hxg4 Kd3 53. g5 Ke4 54. Rf7 Ke5 55. g6 Ke6 56. f4 Kd5
57. g7 Ke6 58. g8=Q Kd6 59. Qe8 Kd5 60. Rd7+ Kc6 61. Qc8+ Kb6 62. Rb7+ Ka5
63. Qa8# { Black checkmated } 1-0

[Event "ICC tourney 2462 (45 10)"]
[Site "Internet Chess Club"]
[Date "2021.03.20"]
[Round "3"]
[White "GARDEZI, ARSAL:Arsalchess"]
[Black "LIU, PATRICK PEIJUN:JunlinTheWorld"]
[Result "1-0"]
[ICCResult "Black checkmated"]
[WhiteElo "1859"]
[BlackElo "1869"]
[Opening "Sicilian: dragon, Yugoslav attack, 10.O-O-O"]
[ECO "B78"]
[NIC "SI.18"]
[Time "16:01:51"]
[PlyCount "85"]
[TimeControl "2700+10"]

1. e4 c5 2. Nf3 d6 3. d4 cxd4 4. Nxd4 Nf6 5. Nc3 g6 6. Be3 Bg7 7. f3 O-O 8.
Bc4 Nc6 9. Qd2 Bd7 10. O-O-O Rc8 11. Bb3 Ne5 12. Kb1 Nc4 13. Bxc4 Rxc4 14.
h4 h5 15. Nb3 Qc7 16. Bh6 b5 17. Bxg7 Kxg7 18. g4 b4 19. Nd5 Nxd5 20. exd5
Rh8 21. Rde1 e5 22. dxe6 Bxe6 23. Nd4 Bd7 24. Re7 Qd8 25. Rhe1 hxg4 26. Qf4
Rf8 27. Nf5+ Bxf5 28. Qxc4 gxf3 29. h5 gxh5 30. Qd4+ Kg6 31. Rg1+ Bg4 32.
Re4 f5 33. Re6+ Rf6 34. Rge1 h4 35. Re8 Qd7 36. R1e7 f2 37. Qxf2 Qb5 38.
Rg8+ Kh5 39. Rh7+ Rh6 40. Rxh6+ Kxh6 41. Qxh4+ Bh5 42. Qg5+ Kh7 43. Qg7# {
Black checkmated } 1-0

[Event "ICC tourney 2462 (45 10)"]
[Site "Internet Chess Club"]
[Date "2021.03.20"]
[Round "3"]
[White "YAN, NATHAN:Natey"]
[Black "GANBAATAR, AMARJARGAL:AmyMGL"]
[Result "1-0"]
[ICCResult "Black checkmated"]
[WhiteElo "1868"]
[BlackElo "1900"]
[Opening "Sicilian: Kan, 5.Nc3"]
[ECO "B43"]
[NIC "SI.41"]
[Time "16:01:56"]
[PlyCount "107"]
[TimeControl "2700+10"]

1. e4 c5 2. Nf3 e6 3. d4 cxd4 4. Nxd4 a6 5. Nc3 Qc7 6. Bd3 Nf6 7. O-O Bd6
8. h3 O-O 9. Kh1 Nc6 10. Nxc6 dxc6 11. f4 e5 12. f5 b5 13. g4 b4 14. g5 Ne8
15. Ne2 c5 16. b3 g6 17. Ng3 Ng7 18. Bd2 gxf5 19. Nh5 f4 20. Nf6+ Kh8 21.
Qe1 Be7 22. Qh4 Bxf6 23. gxf6 Ne8 24. Qh6 Qd6 25. Rg1 Bb7 26. Rg7 Nxf6 27.
Rxh7+ Nxh7 28. Qxd6 f6 29. Qxc5 Ng5 30. Qxb4 Rab8 31. Qa4 Nxh3 32. Qd7 Ng5
33. Qf5 Kg7 34. Rg1 Rh8+ 35. Kg2 Rbd8 36. Kf1 Rh5 37. Qg4 Kh6 38. Be2 Rh2
39. Bxf4 exf4 40. Qxf4 Bxe4 41. Qxh2+ Kg6 42. Qh5+ Kg7 43. Rxg5+ fxg5 44.
Qxg5+ Bg6 45. Qxd8 Kh6 46. Kg2 Bxc2 47. Kg3 Bb1 48. Kg4 Bxa2 49. Bd3 Kg7
50. Qe7+ Kg8 51. Kg5 Bxb3 52. Kg6 Bf7+ 53. Qxf7+ Kh8 54. Qg7# { Black
checkmated } 1-0